[ AOE2 MATCH · #476339989 ]
UnrankedBurgundians vs Bulgarians
[ REPLAY ANALYSIS · EXTRACTED FROM THE RECORDED GAME ]
Feudal
12:47
Castle
16:17
Imperial
41:23
| APM avg | 21.3 |
| APM peak | 45 |
| eAPM avg | 15.4 |
| Villagers / military | 127 / 208 |
Focus
⚔️ 45.4% · 🌾 54.6%
Hand Cannoneer ×128 · Knight ×75 · Trebuchet (Packed) ×3 · Monk ×2
Feudal
9:53
Castle
14:24
Imperial
27:58
| APM avg | 56.8 |
| APM peak | 191 |
| eAPM avg | 35.9 |
| Villagers / military | 131 / 225 |
Focus
⚔️ 66.1% · 🌾 33.9%
Konnik ×94 · Spearman ×91 · Scout Cavalry ×29 · Monk ×4 · Trebuchet (Packed) ×4 · Battering Ram ×3
Feudal
10:32
Castle
19:36
Imperial
38:41
| APM avg | 17.5 |
| APM peak | 43 |
| eAPM avg | 11.1 |
| Villagers / military | 105 / 126 |
Focus
⚔️ 26.2% · 🌾 73.8%
Gbeto ×57 · Militia ×43 · Skirmisher ×12 · Archer ×8 · Spearman ×5 · Battering Ram ×1
Feudal
11:08
Castle
15:04
Imperial
—
| APM avg | 31.4 |
| APM peak | 61 |
| eAPM avg | 14.3 |
| Villagers / military | 140 / 91 |
Focus
⚔️ 29.4% · 🌾 70.6%
Battle Elephant ×38 · Knight ×34 · Skirmisher ×19
Feudal
12:21
Castle
17:56
Imperial
33:37
| APM avg | 30.9 |
| APM peak | 88 |
| eAPM avg | 10.9 |
| Villagers / military | 85 / 99 |
Focus
⚔️ 33.5% · 🌾 66.5%
Knight ×97 · Trebuchet (Packed) ×2
Feudal
10:31
Castle
23:38
Imperial
—
| APM avg | 36.9 |
| APM peak | 90 |
| eAPM avg | 24.7 |
| Villagers / military | 178 / 91 |
Focus
⚔️ 18.9% · 🌾 81.1%
Spearman ×81 · Militia ×7 · Battering Ram ×3
Feudal
9:11
Castle
21:13
Imperial
38:33
| APM avg | 33.5 |
| APM peak | 75 |
| eAPM avg | 19.4 |
| Villagers / military | 145 / 123 |
Focus
⚔️ 35.6% · 🌾 64.4%
Archer ×72 · Spearman ×32 · Monk ×9 · Bombard Cannon ×6 · Iron Pagoda ×2 · Battering Ram ×2
Feudal
11:31
Castle
15:55
Imperial
32:16
| APM avg | 38.7 |
| APM peak | 73 |
| eAPM avg | 22.1 |
| Villagers / military | 155 / 321 |
Focus
⚔️ 48.7% · 🌾 51.3%
Spearman ×232 · Skirmisher ×59 · War Wagon ×13 · Trade Cart ×10 · Bombard Cannon ×6 · Iron Pagoda ×5
Match map
Initial resources + every placement click. Lines = walls · curves = elevation contours. ◆ gold · ⬟ stone · ● berries · ✦ relic · ◌ wall gap
Your base· ✓ Closed at 16:17 · 0t walls · 1 gate(s)
Fun4's base· ✓ Closed at 14:24 · 0t walls · 3 gate(s)
PJtheDcoy's base· ✓ Closed at 19:36 · 0t walls · 2 gate(s)
Ashwath's base· ✓ Closed at 15:04 · 0t walls · 2 gate(s)
Fr4ggi's base· ✓ Closed at 17:56 · 0t walls · 3 gate(s)
disco_lama's base· ✓ Closed at 23:38 · 7t walls · 2 gate(s)
Quando's base· ✓ Closed at 21:13 · 18t walls · 3 gate(s)
ElteGM's base· ✓ Closed at 15:55 · 0t walls · 2 gate(s)
Smoothed initial terrain · ◌ = detected wall gap · hover for details
Inputs per minute
— Relief - - Fun4
Build order — Relief
First 150 of 509 actions detected
| 0:04 | Queue | Villager (Male) |
| 0:04 | Queue | Villager (Male) |
| 0:07 | Build | House |
| 0:09 | Build | House |
| 0:37 | Queue | Villager (Male) |
| 0:37 | Queue | Villager (Male) |
| 1:42 | Queue | Villager (Male) |
| 1:49 | Build | Lumber Camp |
| 1:53 | Queue | Villager (Male) |
| 2:30 | Queue | Villager (Male) |
| 3:07 | Queue | Villager (Male) |
| 3:21 | Queue | Villager (Male) |
| 3:51 | Queue | Villager (Male) |
| 4:12 | Build | House |
| 4:14 | Build | House |
| 4:22 | Queue | Villager (Male) |
| 4:32 | Build | Mill |
| 4:44 | Queue | Villager (Male) |
| 4:56 | Queue | Villager (Male) |
| 5:34 | Queue | Villager (Male) |
| 5:53 | Queue | Villager (Male) |
| 6:04 | Queue | Villager (Male) |
| 6:17 | Build | Farm |
| 6:26 | Build | Farm |
| 6:34 | Queue | Villager (Male) |
| 7:08 | Build | Lumber Camp |
| 7:10 | Queue | Villager (Male) |
| 7:11 | Queue | Villager (Male) |
| 7:25 | Build | House |
| 7:30 | Queue | Villager (Male) |
| 7:48 | Queue | Villager (Male) |
| 8:14 | Queue | Villager (Male) |
| 8:31 | Queue | Villager (Male) |
| 8:32 | Queue | Villager (Male) |
| 8:52 | Research | Loom |
| 9:10 | Research | Feudal Age |
| 9:33 | Build | Mining Camp |
| 10:16 | Queue | Villager (Male) |
| 10:16 | Queue | Villager (Male) |
| 10:31 | Build | Barracks |
| 11:16 | Build | Farm |
| 11:18 | Build | Farm |
| 11:21 | Build | Farm |
| 11:24 | Build | Farm |
| 11:36 | Build | Farm |
| 11:57 | Build | Farm |
| 12:47 | Age | Feudal Age |
| 12:50 | Build | Stable |
| 12:52 | Build | Blacksmith |
| 13:14 | Build | House |
| 13:36 | Research | Castle Age |
| 13:42 | Research | Double-Bit Axe |
| 13:47 | Research | Horse Collar |
| 14:33 | Build | Stable |
| 14:48 | Build | Farm |
| 14:52 | Build | Farm |
| 15:00 | Build | Farm |
| 15:23 | Queue | Villager (Male) |
| 15:45 | Research | Scale Barding Armor |
| 16:10 | Build | House |
| 16:12 | Build | House |
| 16:17 | Age | Castle Age |
| 16:19 | Queue | Knight |
| 16:20 | Research | Cavalier (upgrade) |
| 16:33 | Build | Town Center |
| 16:37 | Queue | Villager (Male) |
| 16:51 | Build | Farm |
| 16:57 | Queue | Knight |
| 17:09 | Queue | Villager (Male) |
| 17:18 | Build | Farm |
| 17:23 | Queue | Knight |
| 17:36 | Build | House |
| 17:37 | Queue | Villager (Male) |
| 17:38 | Queue | Villager (Male) |
| 17:44 | Queue | Villager (Male) |
| 17:45 | Queue | Villager (Male) |
| 17:47 | Queue | Knight |
| 18:03 | Queue | Knight |
| 18:20 | Research | Husbandry |
| 18:24 | Build | House |
| 18:25 | Queue | Villager (Male) |
| 18:30 | Build | Farm |
| 18:34 | Build | Farm |
| 18:38 | Queue | Villager (Male) |
| 18:38 | Queue | Villager (Male) |
| 18:48 | Queue | Villager (Male) |
| 18:55 | Build | House |
| 19:07 | Build | Town Center |
| 19:26 | Queue | Villager (Male) |
| 19:26 | Queue | Villager (Male) |
| 19:43 | Queue | Villager (Male) |
| 19:43 | Queue | Villager (Male) |
| 19:51 | Queue | Knight |
| 20:08 | Queue | Knight |
| 20:09 | Queue | Villager (Male) |
| 20:36 | Queue | Knight |
| 20:38 | Queue | Knight |
| 20:57 | Queue | Knight |
| 20:57 | Queue | Knight |
| 21:34 | Queue | Knight |
| 21:38 | Queue | Villager (Male) |
| 21:39 | Queue | Villager (Male) |
| 21:48 | Research | Bow Saw |
| 21:55 | Build | Mill |
| 21:56 | Build | Farm |
| 21:57 | Build | Farm |
| 21:57 | Build | Farm |
| 21:58 | Build | Farm |
| 21:58 | Build | Farm |
| 21:58 | Build | Farm |
| 22:17 | Queue | Knight |
| 22:18 | Queue | Knight |
| 22:53 | Build | Farm |
| 22:55 | Build | Farm |
| 22:58 | Build | Farm |
| 22:59 | Queue | Villager (Male) |
| 23:00 | Queue | Villager (Male) |
| 23:00 | Queue | Villager (Male) |
| 23:03 | Build | Lumber Camp |
| 23:05 | Build | House |
| 23:07 | Build | House |
| 23:11 | Research | Forging |
| 23:44 | Queue | Villager (Male) |
| 23:44 | Queue | Villager (Male) |
| 23:44 | Queue | Villager (Male) |
| 23:59 | Build | Farm |
| 24:00 | Queue | Villager (Male) |
| 24:01 | Queue | Villager (Male) |
| 24:01 | Queue | Villager (Male) |
| 24:01 | Queue | Villager (Male) |
| 24:06 | Research | Iron Casting |
| 24:12 | Build | House |
| 24:14 | Build | House |
| 24:17 | Build | Farm |
| 24:18 | Queue | Villager (Male) |
| 24:19 | Queue | Villager (Male) |
| 24:41 | Queue | Villager (Male) |
| 24:42 | Queue | Villager (Male) |
| 24:42 | Queue | Villager (Male) |
| 24:46 | Build | Farm |
| 24:51 | Research | Heavy Plow |
| 24:57 | Build | Farm |
| 25:14 | Build | Farm |
| 25:15 | Queue | Villager (Male) |
| 25:15 | Queue | Villager (Male) |
| 25:16 | Queue | Villager (Male) |
| 25:22 | Build | Farm |
| 25:23 | Build | Farm |
| 25:24 | Build | Farm |
| 25:52 | Research | Chain Barding Armor |
Build order — Fun4
First 150 of 571 actions detected
| 0:01 | Queue | Villager (Male) |
| 0:02 | Queue | Villager (Male) |
| 0:02 | Queue | Villager (Male) |
| 0:02 | Queue | Villager (Male) |
| 0:03 | Build | House |
| 0:06 | Build | House |
| 1:34 | Queue | Villager (Male) |
| 1:51 | Queue | Villager (Male) |
| 2:04 | Build | Lumber Camp |
| 2:30 | Queue | Villager (Male) |
| 2:44 | Queue | Villager (Male) |
| 3:15 | Queue | Villager (Male) |
| 3:48 | Queue | Villager (Male) |
| 4:08 | Queue | Villager (Male) |
| 4:11 | Build | House |
| 4:27 | Queue | Villager (Male) |
| 4:32 | Build | House |
| 4:53 | Queue | Villager (Male) |
| 5:10 | Queue | Villager (Male) |
| 5:16 | Build | Mill |
| 5:37 | Queue | Villager (Male) |
| 5:59 | Queue | Villager (Male) |
| 6:15 | Queue | Villager (Male) |
| 6:19 | Build | Farm |
| 6:33 | Build | Farm |
| 6:37 | Queue | Villager (Male) |
| 6:51 | Build | Farm |
| 7:00 | Research | Loom |
| 7:43 | Research | Feudal Age |
| 8:44 | Queue | Villager (Male) |
| 9:08 | Queue | Villager (Male) |
| 9:30 | Queue | Villager (Male) |
| 9:53 | Age | Feudal Age |
| 9:55 | Queue | Villager (Male) |
| 10:07 | Build | Market |
| 10:10 | Build | Blacksmith |
| 11:02 | Build | House |
| 11:44 | Research | Castle Age |
| 11:45 | Research | Castle Age |
| 11:49 | Build | House |
| 11:49 | Build | House |
| 12:38 | Research | Double-Bit Axe |
| 12:38 | Research | Double-Bit Axe |
| 13:23 | Research | Horse Collar |
| 13:45 | Queue | Villager (Male) |
| 14:24 | Age | Castle Age |
| 14:28 | Build | Town Center |
| 14:31 | Queue | Villager (Male) |
| 14:34 | Build | Town Center |
| 14:45 | Research | Bow Saw |
| 15:05 | Build | Farm |
| 15:07 | Queue | Villager (Male) |
| 15:20 | Queue | Villager (Male) |
| 15:35 | Research | Wheelbarrow |
| 15:41 | Queue | Villager (Male) |
| 15:54 | Build | Farm |
| 15:57 | Build | Farm |
| 16:05 | Queue | Villager (Male) |
| 16:07 | Queue | Villager (Male) |
| 16:14 | Build | Farm |
| 16:16 | Build | Farm |
| 16:27 | Queue | Villager (Male) |
| 16:41 | Build | Farm |
| 16:43 | Queue | Villager (Male) |
| 16:46 | Build | Farm |
| 16:46 | Build | Farm |
| 16:50 | Build | Farm |
| 16:52 | Build | Farm |
| 16:54 | Queue | Villager (Male) |
| 17:15 | Queue | Villager (Male) |
| 17:20 | Build | Farm |
| 17:23 | Build | Farm |
| 17:29 | Queue | Villager (Male) |
| 17:34 | Build | Farm |
| 17:49 | Build | House |
| 17:50 | Queue | Villager (Male) |
| 17:54 | Queue | Villager (Male) |
| 17:54 | Queue | Villager (Male) |
| 17:54 | Queue | Villager (Male) |
| 18:04 | Queue | Villager (Male) |
| 18:17 | Queue | Villager (Male) |
| 18:20 | Build | Farm |
| 18:22 | Build | Farm |
| 18:24 | Queue | Villager (Male) |
| 18:36 | Build | Farm |
| 18:38 | Queue | Villager (Male) |
| 18:45 | Queue | Villager (Male) |
| 18:48 | Build | Farm |
| 19:00 | Queue | Villager (Male) |
| 19:00 | Queue | Villager (Male) |
| 19:02 | Build | Farm |
| 19:09 | Queue | Villager (Male) |
| 19:17 | Queue | Villager (Male) |
| 19:21 | Build | Farm |
| 19:25 | Queue | Villager (Male) |
| 19:33 | Queue | Villager (Male) |
| 19:40 | Queue | Villager (Male) |
| 19:48 | Build | Farm |
| 19:50 | Queue | Villager (Male) |
| 19:57 | Queue | Villager (Male) |
| 20:03 | Build | Farm |
| 20:04 | Queue | Villager (Male) |
| 20:08 | Build | Farm |
| 20:12 | Queue | Villager (Male) |
| 20:24 | Build | Krepost |
| 20:28 | Queue | Villager (Male) |
| 20:28 | Queue | Villager (Male) |
| 20:33 | Build | House |
| 20:34 | Build | House |
| 20:44 | Build | Farm |
| 20:47 | Build | Farm |
| 20:48 | Queue | Villager (Male) |
| 20:52 | Build | House |
| 20:58 | Queue | Villager (Male) |
| 21:03 | Build | Farm |
| 21:05 | Research | Heavy Plow |
| 21:06 | Queue | Villager (Male) |
| 21:15 | Queue | Villager (Male) |
| 21:27 | Queue | Villager (Male) |
| 21:31 | Build | Farm |
| 21:33 | Queue | Villager (Male) |
| 21:46 | Build | Gate |
| 21:50 | Build | House |
| 21:53 | Build | House |
| 21:55 | Build | House |
| 22:02 | Build | Stone Wall |
| 22:06 | Queue | Villager (Male) |
| 22:12 | Build | Stone Wall |
| 22:13 | Queue | Villager (Male) |
| 22:21 | Queue | Villager (Male) |
| 22:24 | Queue | Villager (Male) |
| 22:28 | Build | Farm |
| 22:33 | Queue | Villager (Male) |
| 22:36 | Build | Farm |
| 22:38 | Build | Farm |
| 22:39 | Queue | Villager (Male) |
| 22:42 | Research | Fletching |
| 22:44 | Queue | Villager (Male) |
| 22:52 | Build | Town Center |
| 23:09 | Build | Gate |
| 23:12 | Build | House |
| 23:13 | Queue | Villager (Male) |
| 23:15 | Queue | Villager (Male) |
| 23:21 | Queue | Villager (Male) |
| 23:28 | Queue | Villager (Male) |
| 23:29 | Build | Farm |
| 23:30 | Build | Farm |
| 23:34 | Build | Farm |
| 23:35 | Build | Farm |
| 23:36 | Queue | Villager (Male) |
Build order — PJtheDcoy
First 150 of 303 actions detected
| 0:01 | Queue | Villager (Male) |
| 0:01 | Queue | Villager (Male) |
| 0:02 | Queue | Villager (Male) |
| 0:03 | Build | House |
| 0:04 | Build | House |
| 0:14 | Queue | Villager (Male) |
| 1:38 | Queue | Villager (Male) |
| 1:45 | Build | Lumber Camp |
| 1:50 | Queue | Villager (Male) |
| 2:26 | Queue | Villager (Male) |
| 2:56 | Queue | Villager (Male) |
| 3:06 | Queue | Villager (Male) |
| 3:23 | Build | House |
| 3:43 | Queue | Villager (Male) |
| 4:14 | Queue | Villager (Male) |
| 4:30 | Queue | Villager (Male) |
| 4:57 | Queue | Villager (Male) |
| 5:27 | Queue | Villager (Male) |
| 5:40 | Build | Mill |
| 5:49 | Queue | Villager (Male) |
| 5:50 | Queue | Villager (Male) |
| 5:50 | Queue | Villager (Male) |
| 6:23 | Build | House |
| 7:14 | Build | Barracks |
| 7:18 | Build | Mining Camp |
| 7:32 | Queue | Villager (Male) |
| 7:34 | Research | Loom |
| 8:06 | Build | House |
| 8:19 | Research | Feudal Age |
| 8:43 | Build | Outpost |
| 9:35 | Build | Mining Camp |
| 9:47 | Queue | Villager (Male) |
| 9:47 | Queue | Villager (Male) |
| 10:32 | Age | Feudal Age |
| 10:40 | Research | Double-Bit Axe |
| 11:03 | Build | Blacksmith |
| 11:23 | Research | Horse Collar |
| 11:24 | Build | Farm |
| 11:25 | Build | Farm |
| 11:26 | Build | Farm |
| 11:28 | Queue | Villager (Male) |
| 11:29 | Queue | Villager (Male) |
| 11:30 | Queue | Villager (Male) |
| 11:55 | Build | Farm |
| 12:21 | Build | Farm |
| 12:23 | Queue | Villager (Male) |
| 12:24 | Queue | Villager (Male) |
| 12:37 | Build | House |
| 12:39 | Build | House |
| 12:47 | Build | Farm |
| 12:50 | Queue | Villager (Male) |
| 12:50 | Queue | Villager (Male) |
| 13:24 | Build | Archery Range |
| 13:35 | Build | Farm |
| 14:02 | Build | Farm |
| 14:25 | Queue | Villager (Male) |
| 14:29 | Build | Farm |
| 14:42 | Build | Farm |
| 14:42 | Build | Farm |
| 14:49 | Queue | Villager (Male) |
| 15:02 | Build | Farm |
| 15:14 | Queue | Villager (Male) |
| 15:16 | Queue | Villager (Male) |
| 15:20 | Build | Farm |
| 15:43 | Build | Farm |
| 15:44 | Queue | Archer |
| 15:44 | Queue | Archer |
| 16:04 | Queue | Villager (Male) |
| 16:07 | Build | Farm |
| 16:29 | Queue | Villager (Male) |
| 16:32 | Build | Farm |
| 16:44 | Queue | Archer |
| 16:46 | Queue | Archer |
| 16:54 | Build | Archery Range |
| 16:56 | Research | Castle Age |
| 17:13 | Queue | Spearman |
| 17:13 | Queue | Spearman |
| 17:23 | Build | House |
| 17:24 | Build | House |
| 17:24 | Build | House |
| 17:25 | Build | House |
| 17:54 | Research | Scale Mail Armor |
| 18:18 | Queue | Archer |
| 18:18 | Queue | Archer |
| 18:32 | Research | Gold Mining |
| 18:38 | Research | Fletching |
| 19:24 | Queue | Villager (Male) |
| 19:24 | Queue | Villager (Male) |
| 19:25 | Research | Stone Mining |
| 19:29 | Research | Forging |
| 19:36 | Age | Castle Age |
| 19:56 | Build | Castle |
| 19:59 | Research | Crossbowman (upgrade) |
| 20:05 | Build | House |
| 20:06 | Build | House |
| 20:07 | Build | House |
| 20:10 | Queue | Villager (Male) |
| 20:18 | Build | Town Center |
| 20:31 | Queue | Villager (Male) |
| 20:31 | Queue | Villager (Male) |
| 21:24 | Build | Siege Workshop |
| 21:32 | Research | Squires |
| 21:40 | Research | Wheelbarrow |
| 21:51 | Build | Farm |
| 22:08 | Queue | Gbeto |
| 22:08 | Queue | Gbeto |
| 22:08 | Queue | Gbeto |
| 22:09 | Queue | Gbeto |
| 22:46 | Queue | Gbeto |
| 22:46 | Queue | Gbeto |
| 22:53 | Build | Farm |
| 22:57 | Research | Bow Saw |
| 23:02 | Queue | Archer |
| 23:03 | Queue | Archer |
| 23:14 | Research | Elite Skirmisher (upgrade) |
| 23:18 | Queue | Skirmisher |
| 23:20 | Queue | Skirmisher |
| 23:21 | Queue | Skirmisher |
| 23:28 | Queue | Skirmisher |
| 23:31 | Research | Padded Archer Armor |
| 23:34 | Queue | Villager (Male) |
| 23:34 | Queue | Villager (Male) |
| 24:06 | Queue | Villager (Male) ×5 |
| 24:21 | Queue | Battering Ram |
| 24:32 | Queue | Gbeto |
| 24:32 | Queue | Gbeto |
| 24:36 | Queue | Villager (Male) |
| 25:41 | Queue | Gbeto |
| 25:44 | Queue | Gbeto |
| 25:44 | Queue | Gbeto |
| 25:45 | Queue | Villager (Male) ×5 |
| 25:46 | Queue | Villager (Male) |
| 25:49 | Build | Farm |
| 25:49 | Build | Farm |
| 26:21 | Queue | Skirmisher ×5 |
| 26:46 | Queue | Gbeto ×5 |
| 26:59 | Queue | Skirmisher |
| 26:59 | Queue | Skirmisher |
| 27:00 | Queue | Skirmisher |
| 27:03 | Queue | Gbeto |
| 27:09 | Build | Farm |
| 27:12 | Queue | Villager (Male) |
| 28:12 | Build | Town Center |
| 28:43 | Queue | Villager (Male) ×5 |
| 28:44 | Queue | Villager (Male) |
| 28:54 | Research | Hand Cart |
| 29:47 | Research | Heavy Plow |
| 29:48 | Build | Farm |
| 29:57 | Queue | Gbeto |
| 29:58 | Queue | Gbeto |
Build order — Ashwath
First 150 of 375 actions detected
| 0:01 | Queue | Villager (Male) |
| 0:02 | Queue | Villager (Male) |
| 0:02 | Queue | Villager (Male) |
| 0:04 | Build | House |
| 0:08 | Build | House |
| 0:55 | Queue | Villager (Male) |
| 1:26 | Queue | Villager (Male) |
| 1:53 | Build | Lumber Camp |
| 1:58 | Queue | Villager (Male) |
| 2:43 | Queue | Villager (Male) |
| 2:43 | Queue | Villager (Male) |
| 2:59 | Queue | Villager (Male) |
| 3:32 | Queue | Villager (Male) |
| 3:39 | Build | House |
| 3:46 | Build | House |
| 3:47 | Build | House |
| 4:18 | Queue | Villager (Male) |
| 4:37 | Queue | Villager (Male) |
| 4:50 | Queue | Villager (Male) |
| 5:27 | Queue | Villager (Male) |
| 5:45 | Build | Mill |
| 6:03 | Queue | Villager (Male) |
| 6:04 | Queue | Villager (Male) |
| 6:35 | Build | Mining Camp |
| 6:39 | Queue | Villager (Male) |
| 6:49 | Queue | Villager (Male) |
| 7:26 | Queue | Villager (Male) |
| 7:26 | Queue | Villager (Male) |
| 8:06 | Queue | Villager (Male) |
| 8:48 | Research | Feudal Age |
| 10:33 | Queue | Villager (Male) |
| 10:33 | Queue | Villager (Male) |
| 10:40 | Research | Loom |
| 11:08 | Age | Feudal Age |
| 11:17 | Build | Market |
| 11:21 | Build | Stable |
| 12:21 | Research | Castle Age |
| 12:31 | Build | Farm |
| 12:33 | Build | Farm |
| 13:12 | Build | Stable |
| 13:22 | Research | Horse Collar |
| 13:31 | Build | Farm |
| 13:33 | Build | Farm |
| 13:38 | Build | Farm |
| 13:39 | Build | Farm |
| 14:17 | Build | House |
| 14:28 | Build | Blacksmith |
| 14:35 | Research | Bloodlines |
| 14:55 | Build | House |
| 15:04 | Age | Castle Age |
| 15:05 | Queue | Knight |
| 15:11 | Queue | Villager (Male) |
| 15:17 | Build | Town Center |
| 15:28 | Queue | Knight |
| 15:39 | Queue | Villager (Male) |
| 15:55 | Build | Farm |
| 16:03 | Queue | Knight |
| 16:39 | Queue | Villager (Male) |
| 16:39 | Queue | Villager (Male) |
| 16:39 | Queue | Villager (Male) |
| 16:46 | Build | Farm |
| 16:49 | Build | Farm |
| 17:06 | Queue | Villager (Male) |
| 17:06 | Queue | Villager (Male) |
| 17:14 | Build | Farm |
| 17:17 | Build | Farm |
| 17:17 | Queue | Knight |
| 17:32 | Build | Farm |
| 17:52 | Queue | Knight |
| 17:54 | Queue | Villager (Male) |
| 18:15 | Queue | Knight |
| 18:16 | Queue | Villager (Male) |
| 18:21 | Build | Farm |
| 18:22 | Build | Farm |
| 18:24 | Build | Farm |
| 18:43 | Queue | Villager (Male) |
| 18:43 | Queue | Villager (Male) |
| 18:57 | Queue | Knight |
| 19:01 | Build | House |
| 19:02 | Build | House |
| 19:11 | Build | Farm |
| 19:12 | Build | Farm |
| 19:14 | Build | Farm |
| 19:16 | Queue | Villager (Male) |
| 19:17 | Queue | Villager (Male) |
| 19:33 | Queue | Knight |
| 19:43 | Queue | Villager (Male) |
| 19:44 | Queue | Villager (Male) |
| 19:47 | Build | Farm |
| 20:12 | Queue | Knight |
| 20:26 | Queue | Villager (Male) |
| 20:26 | Queue | Villager (Male) |
| 20:26 | Queue | Villager (Male) |
| 20:27 | Queue | Villager (Male) |
| 20:33 | Build | Farm |
| 20:33 | Build | Farm |
| 20:34 | Build | Farm |
| 20:36 | Queue | Villager (Male) |
| 20:59 | Research | Scale Barding Armor |
| 21:01 | Build | House |
| 21:02 | Build | House |
| 21:04 | Queue | Villager (Male) |
| 21:37 | Queue | Knight |
| 21:38 | Queue | Knight |
| 21:38 | Queue | Knight |
| 21:39 | Queue | Villager (Male) |
| 21:39 | Queue | Villager (Male) |
| 21:46 | Build | Town Center |
| 22:06 | Queue | Villager (Male) |
| 22:07 | Queue | Villager (Male) |
| 22:07 | Queue | Villager (Male) |
| 22:12 | Build | Farm |
| 22:13 | Build | Farm |
| 22:14 | Build | Farm |
| 22:15 | Build | Farm |
| 22:17 | Build | Farm |
| 22:19 | Queue | Villager (Male) |
| 22:19 | Queue | Villager (Male) |
| 22:29 | Build | House |
| 22:31 | Queue | Villager (Male) |
| 22:31 | Queue | Villager (Male) |
| 23:03 | Queue | Villager (Male) |
| 23:12 | Queue | Villager (Male) |
| 23:12 | Queue | Villager (Male) |
| 23:17 | Queue | Villager (Male) |
| 23:17 | Queue | Villager (Male) |
| 23:18 | Queue | Villager (Male) |
| 23:22 | Build | Farm |
| 23:23 | Build | Farm |
| 23:24 | Build | Farm |
| 23:25 | Queue | Knight |
| 23:26 | Queue | Knight |
| 23:54 | Queue | Knight |
| 23:55 | Queue | Knight |
| 23:56 | Queue | Villager (Male) |
| 23:57 | Queue | Villager (Male) |
| 23:57 | Queue | Villager (Male) |
| 24:00 | Build | Stable |
| 24:04 | Build | Stable |
| 24:22 | Queue | Knight |
| 24:24 | Queue | Villager (Male) |
| 24:24 | Queue | Villager (Male) |
| 24:24 | Queue | Villager (Male) |
| 24:32 | Build | House |
| 24:34 | Build | House |
| 24:35 | Build | House |
| 24:37 | Queue | Knight |
| 24:54 | Build | House |
| 25:00 | Research | Chain Barding Armor |
| 25:14 | Queue | Knight |
Build order — Fr4ggi
First 150 of 303 actions detected
| 0:03 | Research | Loom |
| 0:03 | Research | Loom |
| 0:07 | Queue | Villager (Male) |
| 0:07 | Queue | Villager (Male) |
| 0:18 | Build | House |
| 0:23 | Build | House |
| 1:46 | Queue | Villager (Male) |
| 1:46 | Queue | Villager (Male) |
| 2:00 | Queue | Villager (Male) |
| 2:49 | Build | Lumber Camp |
| 3:17 | Queue | Villager (Male) |
| 3:50 | Queue | Villager (Male) |
| 3:50 | Queue | Villager (Male) |
| 4:23 | Queue | Villager (Male) |
| 5:10 | Queue | Villager (Male) |
| 5:10 | Queue | Villager (Male) |
| 5:29 | Build | House |
| 5:39 | Build | Mill |
| 5:42 | Queue | Villager (Male) |
| 6:12 | Queue | Villager (Male) |
| 6:28 | Queue | Villager (Male) |
| 6:53 | Queue | Villager (Male) |
| 7:29 | Queue | Villager (Male) |
| 7:37 | Build | House |
| 8:00 | Queue | Villager (Male) |
| 8:24 | Queue | Villager (Male) |
| 8:56 | Build | Farm |
| 9:06 | Queue | Villager (Male) |
| 9:24 | Queue | Villager (Male) |
| 9:38 | Queue | Villager (Male) |
| 9:41 | Research | Feudal Age |
| 10:07 | Build | Farm |
| 10:12 | Build | Mining Camp |
| 10:24 | Build | Farm |
| 11:17 | Build | Farm |
| 11:22 | Build | Farm |
| 11:31 | Build | Barracks |
| 11:34 | Build | House |
| 11:48 | Queue | Villager (Male) |
| 12:21 | Build | House |
| 12:21 | Age | Feudal Age |
| 12:39 | Research | Double-Bit Axe |
| 12:44 | Queue | Villager (Male) |
| 12:48 | Build | Farm |
| 13:14 | Build | Farm |
| 13:15 | Queue | Villager (Male) |
| 13:20 | Build | Stable |
| 13:31 | Queue | Villager (Male) |
| 14:01 | Queue | Villager (Male) |
| 14:26 | Build | Farm |
| 14:36 | Build | Blacksmith |
| 15:05 | Build | Lumber Camp |
| 15:08 | Queue | Villager (Male) |
| 15:24 | Research | Castle Age |
| 15:38 | Queue | Villager (Male) |
| 15:41 | Research | Horse Collar |
| 16:00 | Build | Farm |
| 16:21 | Build | Farm |
| 16:22 | Build | Farm |
| 16:23 | Build | Farm |
| 16:36 | Research | Bloodlines |
| 16:59 | Build | Farm |
| 17:03 | Research | Scale Barding Armor |
| 17:36 | Research | Forging |
| 17:52 | Queue | Villager (Male) |
| 17:56 | Age | Castle Age |
| 18:04 | Queue | Knight |
| 18:22 | Queue | Knight |
| 18:36 | Build | Farm |
| 18:38 | Build | Farm |
| 18:49 | Research | Gold Mining |
| 18:55 | Queue | Villager (Male) |
| 19:00 | Build | House |
| 19:06 | Build | House |
| 19:11 | Queue | Knight |
| 19:34 | Build | Farm |
| 19:36 | Queue | Villager (Male) |
| 19:43 | Queue | Knight |
| 20:00 | Build | House |
| 20:21 | Build | Farm |
| 20:26 | Queue | Knight |
| 20:31 | Build | Farm |
| 20:45 | Build | House |
| 20:55 | Research | Heavy Plow |
| 20:58 | Research | Bow Saw |
| 21:02 | Queue | Villager (Male) |
| 21:02 | Queue | Villager (Male) |
| 21:06 | Queue | Knight |
| 21:26 | Build | House |
| 21:33 | Queue | Knight |
| 21:41 | Build | Farm |
| 21:44 | Queue | Villager (Male) |
| 21:51 | Build | Farm |
| 21:54 | Queue | Villager (Male) |
| 21:58 | Build | House |
| 22:33 | Research | Chain Barding Armor |
| 22:35 | Build | Farm |
| 22:39 | Build | Farm |
| 22:42 | Queue | Villager (Male) |
| 22:45 | Research | Wheelbarrow |
| 23:06 | Build | House |
| 23:21 | Research | Iron Casting |
| 23:24 | Queue | Villager (Male) |
| 23:55 | Build | House |
| 24:09 | Research | Husbandry |
| 24:10 | Queue | Knight |
| 24:16 | Build | Stable |
| 24:26 | Queue | Knight |
| 24:56 | Build | Farm |
| 25:00 | Build | House |
| 25:59 | Queue | Knight |
| 26:00 | Queue | Knight |
| 26:03 | Build | Mining Camp |
| 26:06 | Queue | Villager (Male) |
| 26:06 | Queue | Villager (Male) |
| 26:06 | Queue | Villager (Male) |
| 26:24 | Queue | Villager (Male) |
| 26:52 | Build | Lumber Camp |
| 26:56 | Research | Gold Shaft Mining |
| 27:09 | Build | Siege Workshop |
| 27:15 | Build | University |
| 27:19 | Queue | Knight |
| 27:19 | Queue | Knight |
| 27:29 | Queue | Knight |
| 27:29 | Queue | Knight |
| 27:33 | Build | House |
| 27:36 | Queue | Villager (Male) |
| 27:37 | Queue | Villager (Male) |
| 27:37 | Queue | Villager (Male) |
| 28:28 | Build | Town Center |
| 28:32 | Queue | Villager (Male) |
| 28:32 | Queue | Villager (Male) |
| 28:48 | Queue | Knight |
| 28:48 | Queue | Knight |
| 29:05 | Queue | Villager (Male) |
| 29:39 | Queue | Villager (Male) |
| 29:57 | Queue | Villager (Male) |
| 30:27 | Queue | Villager (Male) |
| 30:42 | Research | Imperial Age |
| 32:10 | Queue | Knight |
| 32:11 | Queue | Knight |
| 32:46 | Research | Hand Cart |
| 32:53 | Build | Mining Camp |
| 32:54 | Queue | Villager (Male) |
| 32:54 | Queue | Villager (Male) |
| 32:54 | Queue | Villager (Male) |
| 33:00 | Queue | Villager (Male) |
| 33:01 | Queue | Villager (Male) |
| 33:01 | Queue | Villager (Male) |
| 33:17 | Build | Mining Camp |
Build order — disco_lama
First 150 of 392 actions detected
| 0:01 | Queue | Villager (Male) |
| 0:01 | Queue | Villager (Male) |
| 0:02 | Queue | Villager (Male) |
| 0:03 | Build | House |
| 0:04 | Build | House |
| 0:10 | Queue | Villager (Male) |
| 1:33 | Queue | Villager (Male) |
| 1:51 | Build | Lumber Camp |
| 1:51 | Queue | Villager (Male) |
| 1:52 | Queue | Villager (Male) |
| 2:22 | Queue | Villager (Male) |
| 2:22 | Queue | Villager (Male) |
| 2:51 | Queue | Villager (Male) |
| 2:51 | Queue | Villager (Male) |
| 2:51 | Queue | Villager (Male) |
| 3:02 | Queue | Villager (Male) |
| 3:32 | Queue | Villager (Male) |
| 3:33 | Queue | Villager (Male) |
| 3:33 | Queue | Villager (Male) |
| 3:49 | Build | House |
| 4:00 | Queue | Villager (Male) |
| 4:01 | Queue | Villager (Male) |
| 4:23 | Build | Mill |
| 4:26 | Queue | Villager (Male) |
| 4:26 | Queue | Villager (Male) |
| 4:26 | Queue | Villager (Male) |
| 4:57 | Queue | Villager (Male) |
| 4:57 | Queue | Villager (Male) |
| 4:57 | Queue | Villager (Male) |
| 4:58 | Queue | Villager (Male) |
| 4:58 | Queue | Villager (Male) |
| 5:23 | Queue | Villager (Male) |
| 5:29 | Build | House |
| 5:58 | Queue | Villager (Male) |
| 6:25 | Queue | Villager (Male) |
| 6:25 | Queue | Villager (Male) |
| 6:55 | Queue | Villager (Male) |
| 7:18 | Queue | Villager (Male) |
| 7:36 | Build | Lumber Camp |
| 7:59 | Build | House |
| 8:17 | Research | Feudal Age |
| 8:26 | Build | Mining Camp |
| 8:48 | Build | Farm |
| 8:48 | Build | Farm |
| 8:49 | Build | Farm |
| 8:49 | Build | Farm |
| 9:08 | Build | Farm |
| 9:46 | Build | Mining Camp |
| 9:52 | Build | House |
| 10:00 | Build | House |
| 10:05 | Build | House |
| 10:08 | Build | House |
| 10:14 | Build | House |
| 10:20 | Build | Palisade Wall |
| 10:31 | Age | Feudal Age |
| 10:46 | Research | Loom |
| 10:48 | Build | Palisade Wall |
| 10:50 | Build | Palisade Wall |
| 10:52 | Build | Palisade Wall |
| 10:53 | Build | Palisade Wall |
| 10:54 | Build | Palisade Wall |
| 10:58 | Queue | Villager (Male) |
| 10:58 | Queue | Villager (Male) |
| 11:18 | Queue | Villager (Male) |
| 11:18 | Queue | Villager (Male) |
| 11:25 | Build | Barracks |
| 11:32 | Queue | Villager (Male) |
| 11:36 | Build | Farm |
| 12:19 | Build | Watch Tower |
| 12:22 | Queue | Spearman |
| 12:23 | Queue | Spearman |
| 12:23 | Queue | Spearman |
| 12:31 | Queue | Villager (Male) |
| 13:06 | Queue | Villager (Male) |
| 13:06 | Queue | Villager (Male) |
| 13:13 | Queue | Villager (Male) |
| 13:18 | Build | Farm |
| 13:23 | Build | Farm |
| 13:29 | Build | Farm |
| 13:30 | Build | Farm |
| 13:46 | Build | Watch Tower |
| 13:52 | Queue | Villager (Male) |
| 13:52 | Queue | Villager (Male) |
| 14:42 | Build | Lumber Camp |
| 14:48 | Build | Farm |
| 14:52 | Research | Double-Bit Axe |
| 15:02 | Build | House |
| 15:08 | Build | House |
| 15:16 | Queue | Villager (Male) |
| 15:39 | Build | Market |
| 15:44 | Queue | Villager (Male) |
| 16:10 | Build | Blacksmith |
| 16:20 | Build | Farm |
| 16:20 | Build | Farm |
| 16:27 | Queue | Villager (Male) |
| 16:27 | Queue | Villager (Male) |
| 16:37 | Research | Fletching |
| 16:41 | Build | House |
| 16:43 | Build | House |
| 17:30 | Queue | Villager (Male) |
| 17:30 | Queue | Villager (Male) |
| 17:31 | Queue | Villager (Male) |
| 17:31 | Queue | Villager (Male) |
| 17:59 | Queue | Villager (Male) |
| 18:09 | Build | Farm |
| 18:19 | Build | Farm |
| 18:20 | Queue | Villager (Male) |
| 18:43 | Queue | Villager (Male) |
| 19:30 | Build | Farm |
| 19:31 | Build | Farm |
| 19:41 | Build | Farm |
| 19:45 | Build | Farm |
| 19:45 | Build | Farm |
| 19:48 | Queue | Villager (Male) |
| 20:58 | Research | Castle Age |
| 20:59 | Research | Castle Age |
| 20:59 | Research | Castle Age |
| 21:04 | Build | Lumber Camp |
| 21:50 | Build | House |
| 22:02 | Build | Palisade Wall |
| 22:07 | Queue | Villager (Male) |
| 22:18 | Research | Horse Collar |
| 22:38 | Research | Man-at-Arms (upgrade) |
| 22:52 | Build | Barracks |
| 22:59 | Queue | Militia |
| 23:00 | Queue | Militia |
| 23:07 | Queue | Militia |
| 23:07 | Queue | Militia |
| 23:08 | Queue | Militia |
| 23:08 | Queue | Militia |
| 23:08 | Queue | Militia |
| 23:18 | Build | Farm |
| 23:19 | Build | Farm |
| 23:28 | Build | Lumber Camp |
| 23:33 | Build | Farm |
| 23:38 | Age | Castle Age |
| 23:50 | Queue | Spearman ×5 |
| 23:50 | Queue | Spearman ×5 |
| 23:58 | Build | House |
| 24:15 | Research | Pikeman (upgrade) |
| 24:17 | Queue | Spearman ×3 |
| 24:41 | Queue | Spearman ×2 |
| 24:50 | Build | Farm |
| 24:52 | Queue | Villager (Male) |
| 24:53 | Queue | Villager (Male) |
| 24:53 | Queue | Villager (Male) |
| 24:54 | Queue | Villager (Male) |
| 24:54 | Queue | Villager (Male) |
| 24:55 | Queue | Villager (Male) |
| 24:57 | Build | Farm |
Build order — Quando
First 150 of 426 actions detected
| 0:00 | Queue | Villager (Male) |
| 0:01 | Queue | Villager (Male) |
| 0:01 | Queue | Villager (Male) |
| 0:02 | Build | House |
| 0:05 | Build | House |
| 0:31 | Queue | Villager (Male) |
| 1:27 | Queue | Villager (Male) |
| 1:46 | Build | Lumber Camp |
| 1:51 | Queue | Villager (Male) |
| 1:51 | Queue | Villager (Male) |
| 2:26 | Queue | Villager (Male) |
| 2:57 | Queue | Villager (Male) |
| 2:57 | Queue | Villager (Male) |
| 3:38 | Queue | Villager (Male) |
| 3:38 | Queue | Villager (Male) |
| 3:55 | Build | House |
| 3:56 | Build | House |
| 4:07 | Queue | Villager (Male) |
| 4:40 | Queue | Villager (Male) |
| 4:45 | Queue | Villager (Male) |
| 5:18 | Queue | Villager (Male) |
| 5:39 | Queue | Villager (Male) |
| 6:15 | Research | Loom |
| 6:27 | Build | Mining Camp |
| 7:01 | Research | Feudal Age |
| 7:02 | Research | Feudal Age |
| 7:21 | Build | House |
| 7:37 | Queue | Villager (Male) |
| 9:06 | Build | Mill |
| 9:11 | Age | Feudal Age |
| 9:13 | Build | Watch Tower |
| 9:16 | Research | Double-Bit Axe |
| 9:24 | Build | Blacksmith |
| 9:30 | Queue | Villager (Male) |
| 9:37 | Queue | Villager (Male) |
| 10:01 | Queue | Villager (Male) |
| 10:06 | Research | Fletching |
| 10:07 | Research | Fletching |
| 10:24 | Build | Watch Tower |
| 10:36 | Queue | Villager (Male) |
| 10:49 | Queue | Villager (Male) |
| 11:25 | Queue | Villager (Male) |
| 11:29 | Build | Farm |
| 11:30 | Build | Farm |
| 11:31 | Build | Farm |
| 11:33 | Queue | Villager (Male) |
| 11:55 | Build | Farm |
| 12:11 | Build | Watch Tower |
| 12:18 | Queue | Villager (Male) |
| 12:25 | Build | House |
| 12:26 | Build | House |
| 12:43 | Queue | Villager (Male) |
| 12:58 | Queue | Villager (Male) |
| 13:06 | Queue | Villager (Male) |
| 13:39 | Build | Watch Tower |
| 13:41 | Queue | Villager (Male) |
| 13:47 | Build | Farm |
| 13:49 | Build | Farm |
| 13:58 | Build | Palisade Wall |
| 14:04 | Build | Palisade Wall |
| 14:13 | Build | House |
| 14:14 | Build | Palisade Wall |
| 14:17 | Build | Palisade Wall |
| 14:25 | Build | House |
| 14:27 | Build | Palisade Wall |
| 14:36 | Queue | Villager (Male) |
| 14:41 | Build | Market |
| 14:59 | Build | Palisade Wall |
| 15:00 | Build | Palisade Wall |
| 15:13 | Queue | Villager (Male) |
| 15:13 | Queue | Villager (Male) |
| 15:16 | Build | Mining Camp |
| 15:20 | Build | Farm |
| 15:29 | Queue | Villager (Male) |
| 15:34 | Build | Farm |
| 15:55 | Build | Palisade Wall |
| 15:56 | Build | Palisade Wall |
| 16:15 | Queue | Villager (Male) |
| 16:17 | Build | Farm |
| 16:20 | Build | Farm |
| 16:23 | Build | Farm |
| 16:37 | Queue | Villager (Male) |
| 16:49 | Build | Watch Tower |
| 17:05 | Build | House |
| 17:08 | Queue | Villager (Male) |
| 17:10 | Build | Farm |
| 17:10 | Build | Farm |
| 17:16 | Build | Palisade Wall |
| 17:53 | Queue | Villager (Male) |
| 18:04 | Build | Palisade Wall |
| 18:05 | Build | Palisade Wall |
| 18:05 | Build | Palisade Wall |
| 18:24 | Build | Palisade Wall |
| 18:33 | Research | Castle Age |
| 18:35 | Research | Horse Collar |
| 18:43 | Build | Palisade Wall |
| 18:44 | Build | Palisade Wall |
| 18:44 | Build | Palisade Wall |
| 18:45 | Build | Palisade Wall |
| 18:54 | Build | House |
| 18:57 | Build | House |
| 19:21 | Build | House |
| 19:21 | Build | House |
| 19:25 | Build | House |
| 19:42 | Build | House |
| 19:51 | Queue | Villager (Male) |
| 19:57 | Build | Watch Tower |
| 20:08 | Build | House |
| 20:37 | Build | Mining Camp |
| 21:13 | Age | Castle Age |
| 21:18 | Build | Town Center |
| 21:19 | Research | Bodkin Arrow |
| 21:20 | Queue | Villager (Male) |
| 21:37 | Queue | Villager (Male) |
| 21:56 | Queue | Villager (Male) |
| 21:56 | Queue | Villager (Male) |
| 22:04 | Build | Monastery |
| 22:29 | Research | Bow Saw |
| 22:35 | Queue | Villager (Male) |
| 22:36 | Queue | Villager (Male) |
| 22:38 | Queue | Villager (Male) |
| 22:46 | Queue | Monk |
| 22:46 | Queue | Monk |
| 22:59 | Build | Palisade Gate |
| 23:03 | Queue | Villager (Male) |
| 23:04 | Queue | Villager (Male) |
| 23:17 | Build | University |
| 23:28 | Queue | Villager (Male) |
| 23:40 | Research | Heavy Plow |
| 23:53 | Research | Wheelbarrow |
| 24:06 | Queue | Villager (Male) |
| 24:08 | Queue | Villager (Male) |
| 24:08 | Queue | Villager (Male) |
| 24:21 | Queue | Monk |
| 24:28 | Research | Ballistics |
| 24:35 | Queue | Villager (Male) |
| 24:44 | Build | Palisade Wall |
| 24:53 | Research | Murder Holes |
| 25:00 | Build | Town Center |
| 25:22 | Queue | Villager (Male) |
| 25:23 | Build | Barracks |
| 25:27 | Queue | Monk |
| 25:32 | Queue | Villager (Male) |
| 25:32 | Queue | Villager (Male) |
| 25:53 | Queue | Villager (Male) |
| 25:53 | Queue | Villager (Male) |
| 25:54 | Queue | Villager (Male) |
| 25:56 | Build | Farm |
| 25:57 | Build | Farm |
| 25:57 | Build | Farm |
Build order — ElteGM
First 150 of 700 actions detected
| 0:02 | Queue | Villager (Male) |
| 0:02 | Queue | Villager (Male) |
| 0:03 | Queue | Villager (Male) |
| 0:05 | Build | House |
| 0:06 | Build | House |
| 0:28 | Queue | Villager (Male) |
| 1:29 | Queue | Villager (Male) |
| 1:29 | Queue | Villager (Male) |
| 1:29 | Queue | Villager (Male) |
| 1:53 | Build | Lumber Camp |
| 1:55 | Queue | Villager (Male) |
| 2:31 | Queue | Villager (Male) |
| 2:32 | Queue | Villager (Male) |
| 2:32 | Queue | Villager (Male) |
| 2:57 | Queue | Villager (Male) |
| 2:57 | Queue | Villager (Male) |
| 3:36 | Build | House |
| 3:45 | Queue | Villager (Male) |
| 3:45 | Queue | Villager (Male) |
| 3:46 | Queue | Villager (Male) |
| 3:59 | Build | Mill |
| 4:18 | Queue | Villager (Male) |
| 4:18 | Queue | Villager (Male) |
| 4:19 | Queue | Villager (Male) |
| 5:11 | Queue | Villager (Male) |
| 5:11 | Queue | Villager (Male) |
| 5:28 | Queue | Villager (Male) |
| 5:28 | Queue | Villager (Male) |
| 5:28 | Queue | Villager (Male) |
| 5:40 | Build | House |
| 5:54 | Queue | Villager (Male) |
| 5:54 | Queue | Villager (Male) |
| 5:54 | Queue | Villager (Male) |
| 5:54 | Queue | Villager (Male) |
| 5:55 | Queue | Villager (Male) |
| 6:43 | Queue | Villager (Male) |
| 6:58 | Queue | Villager (Male) |
| 8:01 | Queue | Villager (Male) |
| 8:01 | Queue | Villager (Male) |
| 8:06 | Build | House |
| 8:19 | Queue | Villager (Male) |
| 8:59 | Queue | Villager (Male) |
| 9:02 | Build | Mining Camp |
| 9:12 | Build | Mining Camp |
| 9:15 | Research | Feudal Age |
| 10:20 | Queue | Villager (Male) |
| 11:31 | Age | Feudal Age |
| 11:34 | Queue | Villager (Male) |
| 11:46 | Build | Farm |
| 11:54 | Build | Blacksmith |
| 11:57 | Build | Market |
| 12:14 | Build | Farm |
| 12:16 | Queue | Villager (Male) |
| 12:26 | Build | Lumber Camp |
| 12:28 | Queue | Villager (Male) |
| 12:43 | Build | Blacksmith |
| 12:51 | Build | Farm |
| 13:09 | Build | Mining Camp |
| 13:15 | Research | Castle Age |
| 13:15 | Research | Castle Age |
| 13:29 | Build | House |
| 13:32 | Build | House |
| 13:32 | Build | House |
| 13:33 | Build | House |
| 13:34 | Build | House |
| 14:27 | Build | Farm |
| 14:28 | Build | Farm |
| 14:29 | Build | Farm |
| 14:32 | Build | Farm |
| 15:18 | Research | Double-Bit Axe |
| 15:21 | Research | Horse Collar |
| 15:21 | Research | Horse Collar |
| 15:51 | Research | Wheelbarrow |
| 15:55 | Age | Castle Age |
| 15:59 | Build | Town Center |
| 16:17 | Build | Town Center |
| 16:19 | Queue | Villager (Male) |
| 16:19 | Queue | Villager (Male) |
| 16:46 | Build | House |
| 16:48 | Build | House |
| 16:49 | Build | House |
| 16:53 | Queue | Villager (Male) |
| 16:57 | Queue | Villager (Male) |
| 16:57 | Queue | Villager (Male) |
| 17:01 | Queue | Villager (Male) |
| 17:18 | Build | Farm |
| 17:22 | Research | Loom |
| 17:32 | Queue | Villager (Male) |
| 17:37 | Build | Farm |
| 17:45 | Build | Farm |
| 17:48 | Build | Farm |
| 17:57 | Build | Farm |
| 17:57 | Queue | Villager (Male) |
| 17:58 | Queue | Villager (Male) |
| 18:04 | Build | Farm |
| 18:06 | Queue | Villager (Male) |
| 18:11 | Queue | Villager (Male) |
| 18:11 | Queue | Villager (Male) |
| 18:11 | Queue | Villager (Male) |
| 18:27 | Build | Farm |
| 18:34 | Build | Farm |
| 18:38 | Queue | Villager (Male) |
| 18:50 | Queue | Villager (Male) |
| 18:53 | Queue | Villager (Male) |
| 18:53 | Queue | Villager (Male) |
| 18:54 | Queue | Villager (Male) |
| 19:08 | Queue | Villager (Male) |
| 19:13 | Build | Farm |
| 19:16 | Build | Farm |
| 19:16 | Queue | Villager (Male) |
| 19:20 | Queue | Villager (Male) |
| 19:20 | Queue | Villager (Male) |
| 19:27 | Build | Farm |
| 19:29 | Queue | Villager (Male) |
| 19:32 | Build | Farm |
| 19:39 | Build | Farm |
| 19:48 | Queue | Villager (Male) |
| 20:11 | Build | Castle |
| 20:21 | Build | Lumber Camp |
| 20:22 | Queue | Villager (Male) |
| 20:23 | Queue | Villager (Male) |
| 20:39 | Build | Gate |
| 20:44 | Queue | Villager (Male) |
| 20:44 | Queue | Villager (Male) |
| 20:45 | Queue | Villager (Male) |
| 20:46 | Queue | Villager (Male) |
| 20:46 | Queue | Villager (Male) |
| 20:51 | Queue | Villager (Male) |
| 20:51 | Queue | Villager (Male) |
| 20:53 | Queue | Villager (Male) |
| 21:23 | Queue | Villager (Male) |
| 21:24 | Queue | Villager (Male) |
| 21:34 | Queue | Villager (Male) |
| 21:36 | Queue | Villager (Male) |
| 21:37 | Queue | Villager (Male) |
| 21:41 | Build | Farm |
| 21:43 | Build | Farm |
| 21:44 | Build | Farm |
| 21:45 | Queue | Villager (Male) |
| 21:46 | Queue | Villager (Male) |
| 21:50 | Queue | Villager (Male) |
| 21:56 | Queue | War Wagon |
| 21:57 | Queue | War Wagon |
| 22:05 | Queue | War Wagon |
| 22:05 | Queue | War Wagon |
| 22:05 | Queue | War Wagon |
| 22:10 | Queue | Villager (Male) |
| 22:14 | Build | Farm |
| 22:16 | Build | Farm |
| 22:17 | Build | Farm |
Match timeline
| 7:14 | PJtheDcoy · first_building Barracks |
| 9:11 | Quando · age_up feudal |
| 9:53 | Fun4 · age_up feudal |
| 10:20 | disco_lama · wall_segment Palisade Wall x1 |
| 10:31 | disco_lama · age_up feudal |
| 10:31 | Relief · first_building Barracks |
| 10:32 | PJtheDcoy · age_up feudal |
| 10:48 | disco_lama · wall_segment Palisade Wall x1 |
| 10:50 | disco_lama · wall_segment Palisade Wall x1 |
| 10:52 | disco_lama · wall_segment Palisade Wall x1 |
| 10:53 | disco_lama · wall_segment Palisade Wall x1 |
| 10:54 | disco_lama · wall_segment Palisade Wall x1 |
| 11:08 | Ashwath · age_up feudal |
| 11:21 | Ashwath · first_building Stable |
| 11:25 | disco_lama · first_building Barracks |
| 11:31 | Fr4ggi · first_building Barracks |
| 11:31 | ElteGM · age_up feudal |
| 11:35 | Fun4 · first_market_sell 100 wood |
| 12:21 | Fr4ggi · age_up feudal |
| 12:47 | Relief · age_up feudal |
| 12:50 | Relief · first_building Stable |
| 13:20 | Fr4ggi · first_building Stable |
| 13:24 | PJtheDcoy · first_building Archery Range |
| 13:58 | Quando · wall_segment Palisade Wall x1 |
| 14:04 | Quando · wall_segment Palisade Wall x1 |
| 14:14 | Quando · wall_segment Palisade Wall x1 |
| 14:17 | Quando · wall_segment Palisade Wall x1 |
| 14:24 | Fun4 · age_up castle |
| 14:27 | Quando · wall_segment Palisade Wall x2 |
| 14:59 | Quando · wall_segment Palisade Wall x1 |
| 15:00 | Quando · wall_segment Palisade Wall x1 |
| 15:04 | Ashwath · age_up castle |
| 15:55 | ElteGM · age_up castle |
| 15:55 | Quando · wall_segment Palisade Wall x1 |
| 15:56 | Quando · wall_segment Palisade Wall x1 |
| 16:17 | Relief · age_up castle |
| 17:16 | Quando · wall_segment Palisade Wall x1 |
| 17:53 | Fun4 · first_market_buy 100 food |
| 17:56 | Fr4ggi · age_up castle |
| 18:04 | Quando · wall_segment Palisade Wall x1 |
| 18:05 | Quando · wall_segment Palisade Wall x1 |
| 18:05 | Quando · wall_segment Palisade Wall x1 |
| 18:24 | Quando · wall_segment Palisade Wall x1 |
| 18:43 | Quando · wall_segment Palisade Wall x1 |
| 18:44 | Quando · wall_segment Palisade Wall x1 |
| 18:44 | Quando · wall_segment Palisade Wall x1 |
| 18:45 | Quando · wall_segment Palisade Wall x1 |
| 18:49 | disco_lama · first_market_sell 100 wood |
| 18:53 | disco_lama · first_market_buy 100 food |
| 19:36 | PJtheDcoy · age_up castle |
| 19:55 | ElteGM · first_market_sell 100 wood |
| 19:56 | ElteGM · first_market_buy 100 stone |
| 19:56 | PJtheDcoy · first_building Castle |
| 20:11 | ElteGM · first_building Castle |
| 20:24 | Fun4 · first_building Krepost |
| 21:13 | Quando · age_up castle |
| 21:24 | PJtheDcoy · first_building Siege Workshop |
| 22:02 | disco_lama · wall_segment Palisade Wall x1 |
| 22:02 | Fun4 · wall_segment Stone Wall x1 |
| 22:04 | Quando · first_building Monastery |
| 22:12 | Fun4 · wall_segment Stone Wall x4 |
| 23:38 | disco_lama · age_up castle |
| 23:42 | Fun4 · wall_segment Stone Wall x1 |
| 23:44 | Fun4 · wall_segment Stone Wall x1 |
| 23:45 | Fun4 · wall_segment Stone Wall x1 |
| 23:46 | Fun4 · wall_segment Stone Wall x1 |
| 23:47 | Fun4 · wall_segment Stone Wall x1 |
| 24:15 | ElteGM · first_building Siege Workshop |
| 24:44 | Quando · wall_segment Palisade Wall x1 |
| 24:56 | ElteGM · wall_segment Stone Wall x6 |
| 24:58 | Ashwath · first_market_sell 100 food |
| 25:23 | Quando · first_building Barracks |
| 26:18 | disco_lama · first_building Siege Workshop |
| 26:20 | Quando · first_building Archery Range |
| 26:26 | Ashwath · wall_segment Stone Wall x5 |
| 26:26 | Fun4 · first_building Monastery |
| 26:34 | Fun4 · first_building Barracks |
| 27:09 | Fr4ggi · first_building Siege Workshop |
| 27:09 | Fun4 · first_building Castle |
| 27:19 | Fun4 · first_building Stable |
| 27:58 | Fun4 · age_up imperial |
| 28:05 | Quando · first_building Siege Workshop |
| 29:11 | Quando · first_market_sell 100 wood |
| 29:21 | ElteGM · first_building Barracks |
| 31:03 | Ashwath · wall_segment Stone Wall x1 |
| 31:47 | Quando · first_building Castle |
| 32:16 | ElteGM · age_up imperial |
| 33:09 | Relief · first_building Monastery |
| 33:29 | ElteGM · first_building Archery Range |
| 33:37 | Relief · first_building Archery Range |
| 33:37 | Fr4ggi · age_up imperial |
| 37:47 | Relief · first_building Castle |
| 38:33 | Quando · age_up imperial |
| 38:41 | PJtheDcoy · age_up imperial |
| 38:45 | Fun4 · first_building Siege Workshop |
| 41:23 | Relief · age_up imperial |
| 41:38 | Relief · first_market_sell 500 food |
| 41:57 | ElteGM · first_building Monastery |
| 42:37 | Ashwath · first_market_buy 100 wood |
| 43:05 | Quando · first_market_buy 100 wood |
| 43:44 | Quando · wall_segment Stone Wall x11 |
| 44:14 | Ashwath · first_building Castle |
| 44:29 | ElteGM · wall_segment Stone Wall x15 |
| 45:59 | Ashwath · first_building Archery Range |
| 46:59 | Quando · wall_segment Stone Wall x15 |
| 47:58 | Fr4ggi · tribute_sent a jugador 1 |
| 47:58 | Fr4ggi · tribute_sent a jugador 2 |
| 47:58 | Fr4ggi · tribute_sent a jugador 3 |
| 47:58 | Fr4ggi · tribute_sent a jugador 5 |
| 47:58 | Fr4ggi · tribute_sent a jugador 6 |
| 47:58 | Fr4ggi · tribute_sent a jugador 7 |
| 47:58 | Fr4ggi · tribute_sent a jugador 8 |
| 49:01 | Fr4ggi · first_building Castle |
| 51:19 | Quando · wall_segment Stone Wall x17 |
| 51:34 | Quando · tribute_sent a jugador 1 |
| 51:34 | Quando · tribute_sent a jugador 2 |
| 51:34 | Quando · tribute_sent a jugador 3 |
| 51:34 | Quando · tribute_sent a jugador 4 |
| 51:34 | Quando · tribute_sent a jugador 5 |
| 51:34 | Quando · tribute_sent a jugador 7 |
| 51:34 | Quando · tribute_sent a jugador 8 |
| 51:37 | Fun4 · resign |
[ AI ANALYSIS · 1 CREDIT ]
What really happened in this match?
Wolo.gg analyzes every decision: build order, eco, micro, common mistakes by bracket. Personalized analysis on WhatsApp or Discord in 30 seconds.
Civ guide
Burgundians
Perfil
Jugador #2141671